 Dungeon Crawl Stone Soup version 0.29-a0-113-g078de9bc30 (webtiles) character file.

Game seed: 1395108549708723497

1003 siradein the Skirmisher (level 8, 0/69 HPs)
             Began as a Ghoul Gladiator on Feb 18, 2022.
             Slain by a bullfrog zombie (7 damage)
             ... on level 5 of the Dungeon.
             The game lasted 00:17:20 (6356 turns).

siradein the Skirmisher (Ghoul Gladiator)           Turns: 6356, Time: 00:17:21

Health: 0/69       AC:  0    Str: 18    XL:     8   Next: 20%
Magic:  7/7        EV: 12    Int:  3    God:
Gold:   264        SH:  0    Dex: 18    Spells: 7/7 levels left

rFire   . . .      SeeInvis .   a - +0 long sword
rCold   + . .      Faith    .   (no shield)
rNeg    + + +      Spirit   .   w - +0 scale mail
rPois   ∞          Reflect  .   c - +0 helmet
rElec   .          Harm     .   (no cloak)
rCorr   .          Rampage  .   v - +0 pair of gloves
Will    .....                   (no boots)
Stlth   ..........              (no amulet)
HPRegen 0.00/turn               g - +6 ring of dexterity
MPRegen 0.10/turn               (no ring)

@: corroded, inhibited regen
A: claws 1, cold resistance 1, negative energy resistance 3, inhibited
regeneration, torment resistance 2
a: no special abilities


You were on level 5 of the Dungeon.
You visited 1 branch of the dungeon, and saw 5 of its levels.

You collected 264 gold pieces.

Inventory:

Hand Weapons
 a - a +0 long sword (weapon)
 m - a +3 hunting sling
Missiles
 d - 3 throwing nets
 j - 15 poisoned darts (quivered)
 n - 32 stones
 q - 27 sling bullets
Armour
 c - a +0 helmet (worn)
 v - a +0 pair of gloves (worn)
 w - a +0 scale mail (worn)
Jewellery
 b - an amulet of faith
 g - a +6 ring of dexterity (left hand)
Wands
 x - a wand of flame (18)
Scrolls
 e - 4 scrolls of identify {unknown}
 h - 3 scrolls of teleportation {unknown}
 k - 3 scrolls of vulnerability {unknown}
 o - a scroll of fear {unknown}
 r - 2 scrolls of enchant weapon {unknown}
 t - 2 scrolls of amnesia {unknown}
 u - a scroll of brand weapon {unknown}
 y - a scroll of magic mapping {unknown}
Potions
 f - 3 potions of curing {unknown}
 i - a potion of might {unknown}
 l - a potion of attraction {unknown}
 p - a potion of ambrosia
 s - a potion of heal wounds {unknown}
 z - a potion of mutation {unknown}


   Skills:
 + Level 5.5 Fighting
 + Level 4.9 Long Blades
 + Level 4.4 Throwing
 + Level 5.0 Dodging


You had 7 spell levels left.
You didn't know any spells.
Your spell library contained the following spells:

 Spells                   Type           Power      Damage    Failure   Level
 Sandblast                Erth           0%         2d4       91%         1
 Passwall                 Tmut/Erth      0%         N/A       97%         2
 Stone Arrow              Conj/Erth      0%         3d7       99%         3


Dungeon Overview and Level Annotations

Branches:
Dungeon (5/15)
 Temple: D:4-7

Altars:
Nemelex Xobeh
Sif Muna
Zin

Shops:
D:5 !

Annotations:
D:5 2 transporters, dualclasshuman's ghost, novice DrGl


Innate Abilities, Weirdness & Mutations

You thrive by killing the living.
You are immune to poison.
You have sharp fingernails.
Your flesh is cold resistant. (rC+)
You are immune to negative energy. (rN+++)
You do not regenerate when monsters are visible.
You are immune to unholy pain and torment.


Message History

The jelly misses you. The jelly closely misses you.
You hit the jelly.
Your hands burn!
The jelly is moderately wounded.
The jelly hits you but does no damage.
You hit the jelly. The acid corrodes you!
Your hands burn!
The jelly is heavily wounded.
The jelly hits you but does no damage.
You hit the jelly but do no damage.
Your hands burn!
The jelly is heavily wounded.
A bullfrog zombie comes into view.
The jelly barely misses you.
You hit the jelly but do no damage.
Your hands burn!
The jelly is heavily wounded.
The jelly hits you.
You are splashed with acid.
You hit the jelly but do no damage. The acid corrodes you!
Your hands burn!
The jelly is heavily wounded.
The jelly hits you.
You are splashed with acid!
You are too injured to fight recklessly!
You hit the jelly but do no damage.
Your hands burn!
The jelly is heavily wounded.
The jelly barely misses you. The jelly misses you.
You hit the jelly.
Your hands burn!
The jelly is severely wounded.
The jelly hits you.
* * * LOW HITPOINT WARNING * * *
You are splashed with acid!
* * * LOW HITPOINT WARNING * * *
You slash the jelly!
You kill the jelly!
You feel better.
You barely miss the bullfrog zombie. The bullfrog zombie closely misses you.
The bullfrog zombie hits you!
* * * LOW HITPOINT WARNING * * *
You hit the bullfrog zombie.
The bullfrog zombie is lightly damaged.
The bullfrog zombie closely misses you.
You hit the bullfrog zombie but do no damage.
The bullfrog zombie is lightly damaged.
The bullfrog zombie hits you!
You die...

##.......##.##.##..#..#
##...♣♣...##.##.##..#..##
##..♣♣.P...##.##.....#....
#...P♣...#....#####..#©...
#.......##.#..# #..#####
#.#....###.#..# #.......
#.##.......#..#####.......
#.##.##.####...........###
#.##.##..@Z...########.#
#.##.#######.## #.# #.##.#
.# #.# #.##.# Z# #.###
#.##.# .# #.##. #.##.# .#
#.#.. .# #.#.# .. #.# #.#


You could see a bullfrog zombie.

Vanquished Creatures
  A black bear (D:5)
  2 ogres
  2 centaurs
  2 phantoms (D:4)
  A gnoll sergeant (D:4)
  2 jellies
  An orc priest (D:3)
  5 orc wizards
  4 gnolls
  5 adders
  12 orcs
  4 endoplasms
  2 giant cockroaches
  7 goblins
  A hobgoblin (D:2)
  3 jackals (D:2)
  2 quokkas (D:1)
  7 ball pythons
  5 bats
  A frilled lizard (D:1)
  7 kobolds
  7 rats
83 creatures vanquished.

Vanquished Creatures (others)
  2 plants (D:5)
2 creatures vanquished.

Grand Total: 85 creatures vanquished

Notes
Turn   | Place    | Note
-------+----------+-------------------------------------------
     0 | D:1      | siradein the Ghoul Gladiator began the quest for the Orb.
     0 | D:1      | Reached XP level 1. HP: 17/17 MP: 0/0
    96 | D:1      | Reached XP level 2. HP: 24/25 MP: 1/1
   360 | D:1      | Found a faded altar of an unknown god.
  1188 | D:2      | Reached XP level 3. HP: 22/30 MP: 2/2
  2136 | D:3      | Found a sparkling altar of Nemelex Xobeh.
  2303 | D:4      | Noticed an ogre
  2307 | D:4      | Reached XP level 4. HP: 30/38 MP: 3/3
  3002 | D:3      | Reached XP level 5. HP: 3/45 MP: 4/4
  3415 | D:4      | Killed an ogre
  3632 | D:4      | Reached XP level 6. HP: 31/52 MP: 5/5
  3761 | D:4      | Found a shimmering blue altar of Sif Muna.
  4409 | D:4      | Reached XP level 7. HP: 55/60 MP: 6/6
  5385 | D:5      | Entered Level 5 of the Dungeon
  5417 | D:5      | Found Etsiagan's Distillery.
  5482 | D:5      | Reached skill level 5 in Fighting
  5625 | D:5      | Reached XP level 8. HP: 68/68 MP: 7/7
  5651 | D:5      | Found a transporter.
  5659 | D:5      | Noticed dualclasshuman's ghost (novice DrGl)
  6124 | D:5      | Found a transporter.
  6149 | D:5      | Reached skill level 5 in Dodging
  6356 | D:5      | Slain by a bullfrog zombie

Illustrated notes

Levels and vault maps discovered:
D:1:      saegor_arrival_miasma, layout_rooms,
          hellmonk_ecumenical_altar_crossroads, dk_noncrumbling_2,
          kennysheep_decorative_pillar
D:2:      layout_basic
D:3:      layout_basic, nicolae_overflow_hidden_temple
D:4:      minmay_evil_eye, layout_loops_ring, led_sif_book
D:5:      minmay_bubble_buster, layout_loops_ring,
          minmay_temple_entry_nine_rooms, gammafunk_ghost_mausoleum,
          serial_shops, nicolae_inconvenience_store, st_stairs_3,
          hangedman_decor_points, serial_park_tiny_2, guppyfry_early_lair_pool,
          uniq_grinder, uniq_menkaure

Skill      XL: |  1  2  3  4  5  6  7  8 |
---------------+-------------------------+-----
Throwing       | 2 3 4 |  4.4
Dodging        | 3 4 5 |  5.0
Long Blades    | 3 4 |  4.9
Fighting       | 3 4 5 |  5.5

Action                   |  1- 3 |  4- 6 |  7- 9 || total
-------------------------+-------+-------+-------++-------
Melee: Long sword        |   111 |    99 |    91 ||   301
       Punch             |     2 |     3 |     1 ||     6
 Fire: Hunting sling     |       |       |    54 ||    54
Throw: Dart              |       |     2 |     2 ||     4
  Use: Potion            |       |     1 |       ||     1
 Stab: Sleeping          |     2 |       |       ||     2
Armor: Leather armour    |    37 |       |       ||    37
       Ring mail         |     9 |    27 |       ||    36
       Scale mail        |       |    31 |    53 ||    84
Dodge: Dodged            |    93 |    59 |    74 ||   226

Table legend: (Time is in decaauts)
 A = Elapsed time spent in this place.
 B = Non-inter-level travel time spent in this place.
 C = Inter-level travel time spent in this place.
 D = Time resting spent in this place.
 E = Time spent auto-exploring this place.
 F = Levels seen in this place.
 G = Mean time per level.
                   A        B        C        D        E       F      G
               +--------+--------+--------+--------+--------+-----+--------+
         Total |   6431 |   6280 |    151 |   1668 |   3218 |   5 | 1286.2 |
       Dungeon |   6431 |   6280 |    151 |   1668 |   3218 |   5 | 1286.2 |
               +--------+--------+--------+--------+--------+-----+--------+

Top non-repeatable levels by time:
     D:4: 2097 daAuts
     D:3: 1758 daAuts
     D:2: 1122 daAuts
     D:1: 838 daAuts
     D:5: 613 daAuts
